 Dungeon Crawl Stone Soup version 0.32-a0-791-gfc315c9ecd (webtiles) character file.

Game seed: 4502961568672941064

94 wilfster70 the Digger (level 4, -1/24 HPs)
             Began as a Gargoyle Earth Elementalist on Mar 20, 2024.
             Incinerated by a bombardier beetle (4 damage)
             ... with a burning spray
             ... on level 3 of the Dungeon.
             The game lasted 00:05:45 (2179 turns).

wilfster70 the Digger (Gargoyle Earth Elementalist) Turns: 2179, Time: 00:05:46

Health: -1/24      AC:  5    Str: 12    XL:     4   Next: 63%
Magic:  13/17      EV: 11    Int: 17    God:
Gold:   61         SH:  0    Dex: 10    Spells: 8/9 levels left

rFire   . . .        a - +1 spear
rCold   . . .        (no shield)
rNeg    + . .        c - +0 robe
rPois   ∞            (no helmet)
rElec   +            (no cloak)
rCorr   .            (no gloves)
SInv    .            (no boots)
Will    .....        (no amulet)
Stlth   +            d - ring of magical power
HPRegen 0.24/turn    (no ring)
MPRegen 0.15/turn

%: no passive effects
@: on fire, glowing
A: sickness immunity, AC +3, negative energy resistance 1, electricity
resistance, torment resistance 1, petrification resistance
a: no special abilities


You were on level 3 of the Dungeon.
You visited 1 branch of the dungeon, and saw 3 of its levels.

You collected 61 gold pieces.

Inventory:

Hand Weapons
 a - a +1 spear (weapon)
 e - a +0 trident
Armour
 c - a +0 robe (worn)
 i - a +0 buckler
Jewellery
 d - a ring of magical power (left hand)
Scrolls
 f - a scroll of teleportation
 r - 3 scrolls of identify
Potions
 b - a potion of magic
 g - a potion of invisibility
 h - a potion of curing {unknown}


   Skills:
 - Level 1.5 Dodging
 - Level 2.1 Stealth
 + Level 3.0 Spellcasting
 - Level 1.1 Conjurations
 * Level 5.5 Earth Magic


You had 8 spell levels left.
You knew the following spells:

 Your Spells              Type           Power      Damage    Failure   Level
a - Sandblast             Erth           42%        2d11      1%          1

Your spell library contained the following spells:

 Spells                   Type           Power      Damage    Failure   Level
 Passwall                 Erth           21%        N/A       5%          3
 Stone Arrow              Conj/Erth      26%        3d8       13%         3
 Brom's Barrelling Bould  Conj/Erth      13%        2d4       41%         4
 Petrify                  Alch/Erth      12%        N/A       50%         4


Dungeon Overview and Level Annotations

Branches:
Dungeon (3/15)

Altars:

Shops:
D:1 =*   D:2 :


Innate Abilities, Weirdness & Mutations

You are immune to sickness and miasma.
Your stone body is resilient. (AC +3)
You are immune to poison.
You resist negative energy. (rN+)
You are resistant to electric shocks. (rElec)
You are resistant to unholy torment.
You are immune to petrification.


Message History

Found an escape hatch in the floor.
The bombardier beetle sprays incendiary fluid at you.
The burning spray hits you.
You are covered in liquid fire!
You shake off some of the fire as you move.
The liquid fire burns you!
Casting: Sandblast (safe; 1% risk of failure)
Confirm with . or Enter, or press ? or * to list all spells.
Aiming: Sandblast (safe; 1% risk of failure)
Press: ? - help, Shift-Dir - straight line, f - bombardier beetle
Aim: a bombardier beetle (90% to hit)
The blast of sand hits the bombardier beetle.
The bombardier beetle is moderately wounded.
The liquid fire burns you!
The bombardier beetle sprays incendiary fluid at you.
The burning spray hits you.
You are even more covered in liquid fire!
Casting: Sandblast (safe; 1% risk of failure)
Confirm with . or Enter, or press ? or * to list all spells.
Aiming: Sandblast (safe; 1% risk of failure)
Press: ? - help, Shift-Dir - straight line, f/p - bombardier beetle
Aim: a bombardier beetle (moderately wounded, 90% to hit)
The blast of sand hits the bombardier beetle!
The bombardier beetle is almost dead.
The liquid fire burns you!
Casting: Sandblast (safe; 1% risk of failure)
Confirm with . or Enter, or press ? or * to list all spells.
Aiming: Sandblast (safe; 1% risk of failure)
Press: ? - help, Shift-Dir - straight line, f/p - bombardier beetle
Aim: a bombardier beetle (almost dead, 90% to hit)
The blast of sand hits the bombardier beetle.
You kill the bombardier beetle!
The liquid fire burns you!
* * * LOW HITPOINT WARNING * * *
Your Spellcasting skill increases to level 3!
You are on fire!
You are on fire!
You shake off some of the fire as you move.
The liquid fire burns you!
You die...

############.....###.#.#
...>.........[...'.#.#.##
.......#####.....#.#.#...
......... +.....#.#.####
........####÷....#.#.#...
........#.##.....#.#.....
........#...##...#.###.##
....†.....#.##.#.#.###.#
.######.@.#....#.#...#.#
#......#.######.#...#.#
#.#.................#.#
#.###########.##..#.# ...
#...........#.# ###
#.#####...#.#.## #.#
###......# #.# ###.....
#.##########....


There were no monsters in sight!

Vanquished Creatures
  A bombardier beetle (D:3)
  2 adders (D:3)
  A ribbon worm (D:2)
  3 ball pythons
  A bat (D:1)
  2 endoplasms
  4 giant cockroaches
  7 goblins
  5 hobgoblins
  2 quokkas (D:2)
  3 frilled lizards
  3 kobolds
  6 rats
40 creatures vanquished.

Notes
Turn   | Place    | Note
-------+----------+-------------------------------------------
     0 | D:1      | wilfster70 the Gargoyle Earth Elementalist began the quest
                  | for the Orb.
     0 | D:1      | Reached XP level 1. HP: 10/10 MP: 3/3
    42 | D:1      | Found Raseul's Jewellery Boutique.
   236 | D:1      | Reached skill level 4 in Earth Magic
   248 | D:1      | Reached XP level 2. HP: 15/15 MP: 0/5
   460 | D:1      | Found Juelerph's General Store.
  1096 | D:2      | Reached XP level 3. HP: 19/19 MP: 6/6
  1322 | D:2      | Found Jetsot Qepli's Vocational Training.
  1997 | D:3      | Reached skill level 5 in Earth Magic
  2170 | D:3      | Reached XP level 4. HP: 24/24 MP: 8/8
  2179 | D:3      | Incinerated by a bombardier beetle

Illustrated notes

Levels and vault maps discovered:
D:1:      minmay_arrival_loop, layout_basic, serial_shops, nicolae_shop_trees,
          shop
D:2:      layout_basic, nicolae_shop_vocational
D:3:      layout_basic, chequers_serial_rivers_small_3, minivault_5, uniq_robin

Skill      XL: |  1  2  3  4 |
---------------+-------------+-----
Earth Magic    | 4 5 |  5.5
Spellcasting   | 3 |  3.0
Dodging        | |  1.5
Stealth        | |  2.1
Conjurations   | |  1.1

Action                     |  1- 3 |  4- 6 || total
---------------------------+-------+-------++-------
  Melee: Unarmed           |     9 |       ||     9
         Spear             |    20 |       ||    20
   Cast: Sandblast         |    50 |     3 ||    53
    Use: Scroll            |     8 |       ||     8
   Stab: Sleeping          |     1 |       ||     1
 Armour: Robe              |    33 |       ||    33
  Dodge: Dodged            |    27 |       ||    27

Table legend: (Time is in decaauts)
 A = Elapsed time spent in this place.
 B = Non-inter-level travel time spent in this place.
 C = Inter-level travel time spent in this place.
 D = Time resting spent in this place.
 E = Time spent auto-exploring this place.
 F = Levels seen in this place.
 G = Mean time per level.
                   A        B        C        D        E       F      G
               +--------+--------+--------+--------+--------+-----+--------+
         Total |   2206 |   2164 |     42 |     81 |   1342 |   3 |  735.3 |
       Dungeon |   2206 |   2164 |     42 |     81 |   1342 |   3 |  735.3 |
               +--------+--------+--------+--------+--------+-----+--------+

Top non-repeatable levels by time:
     D:1: 1010 daAuts
     D:2: 647 daAuts
     D:3: 547 daAuts
